 Dungeon Crawl Stone Soup version 0.31-a0-441-g867994ef1c (webtiles) character file.

Game seed: 2369160051438114923

53 Hubris850 the Changeling (level 3, 0/15 HPs)
             Began as a Felid Shapeshifter on Aug 2, 2023.
             Constricted to death by a ball python (1 damage)
             ... on level 2 of the Dungeon.
             The game lasted 00:04:21 (905 turns).

Hubris850 the Changeling (Felid Shapeshifter)        Turns: 905, Time: 00:04:22

Health: 0/15       AC:  1    Str: 11    XL:     3   Next: 64%
Magic:  4/4        EV: 15    Int:  9    God:
Gold:   99         SH:  0    Dex: 18    Spells: 2/2 levels left
                                        Lives:  0   Deaths: 0

rFire   . .          .
                       - Unarmed
rCold   . . .        (shield unavailable)
rNeg    . . .        (body armour unavailable)
rPois   .            (helmet unavailable)
rElec   .            (cloak unavailable)
rCorr   .            (gloves unavailable)
SInv    +            (boots unavailable)
Will    .....        (no amulet)
Stlth   ++           (no ring)
HPRegen 0.22/turn    (no ring)
MPRegen 0.09/turn

%: no passive effects
@: beast-form, constricted, quick
A: beast (slay +2), very small, claws 1, fangs 3, see invisible, speed 1, shaggy
fur 1, stealthy paws, no weapons or thrown items, no armour, multi-lived
a: Begin Untransformation


You were on level 2 of the Dungeon.
You were a hulking beast.
You visited 1 branch of the dungeon, and saw 2 of its levels.

You collected 99 gold pieces.

Inventory:

Talismans
 b - a beast talisman (active)
Scrolls
 c - a scroll of identify {unknown}
 d - a scroll of noise {unknown}
Potions
 a - a potion of lignification
 e - a potion of curing {unknown}
 f - 2 potions of attraction {unknown}


   Skills:
 - Level 1.0 Fighting
 + Level 3.6 Dodging
 + Level 1.8 Stealth
 + Level 3.5 Unarmed Combat
 + Level 3.6 Shapeshifting


You had 2 spell levels left.
You didn't know any spells.
Your spell library contained the following spells:

 Spells                   Type           Power      Damage    Failure   Level
 Animate Dead             Necr           0%         N/A       99%         4
 Haunt                    Necr/Summ      0%         N/A       100%        7
 Infestation              Necr           0%         N/A       100%        8


Dungeon Overview and Level Annotations

Branches:
Dungeon (2/15)

Altars:

Shops:
D:1 [


Innate Abilities, Weirdness & Mutations

You are a hulking beast.
Your limbs bulge with bestial killing power. (Slay +2)
You have sharp claws.
You have razor-sharp teeth.
You have supernaturally acute eyesight. (SInv)
You cover ground quickly. (Speed+)
You are covered in fur. (AC +1)
Your paws help you pounce on unaware monsters.
You are incapable of wielding weapons or throwing items.
You cannot wear armour.
You gain extra lives every three experience levels.


Message History

You scratch the ball python.
You kill the ball python!
The endoplasm hits you.
You see here a ball python corpse.
You barely miss the endoplasm. The endoplasm barely misses you.
You scratch the endoplasm.
The endoplasm is severely wounded.
The endoplasm misses you.
You scratch the endoplasm.
You kill the endoplasm!
No target in view!
f - 2 fuming silvery potions You see here a ball python corpse.
There is an open door here.
Found 2 stones.
You open the door.
A worm, a kobold and a giant cockroach come into view.
The kobold shouts!
A ball python comes into view.
A rat comes into view.
The ball python moves out of view.
Found a spear.
Found a scroll labelled OHEQORPH WUIMI, a scale mail and 3 gold pieces.
The ball python hisses angrily.
There is an open door here.
The kobold throws a stone.
The stone barely misses you.
The ball python bites you but does no damage.
The ball python closely misses you. The kobold barely misses you.
You scratch the kobold.
The kobold is moderately wounded.
The ball python bites you. The ball python barely misses you.
The rat bites you.
The kobold hits you with a +0 short sword.
The ball python misses you. The ball python grabs you.
The ball python constricts you.
The ball python's grasp on you weakens, but your attempt to escape fails.
The kobold hits you with a +0 short sword.
* * * LOW HITPOINT WARNING * * *
The rat barely misses you. The ball python misses you.
The ball python constricts you.
You die...

.........# #.# .#.......#
#.## .#..>....# #..#######
.........# ##......(#
###......#########.#####.###
..####.....##.......#### ..#
#.............##'##....###.#
#####.##...####)..####...#.#
#....###..#.h.#..###...#
##..##.#..#KrS#..# ##..#
#..'.[#..#.Bw#..# +..#
#..##†#..#...#..# ##.##
#...###..#...#†.###..#
#.....##'#$?[#'##...##
##......†#####....###
###...#.......####
#############


You could see a worm, a giant cockroach, a ball python, a kobold and a rat.

Vanquished Creatures
  An adder (D:2)
  10 ball pythons
  5 endoplasms
  2 giant cockroaches (D:1)
  2 goblins (D:1)
  A hobgoblin (D:1)
  4 jackals (D:2)
  5 kobolds
  2 quokkas
  2 bats (D:2)
  4 frilled lizards
  2 rats (D:1)
40 creatures vanquished.

Notes
Turn   | Place    | Note
-------+----------+-------------------------------------------
     0 | D:1      | Hubris850 the Felid Shapeshifter began the quest for the
                  | Orb.
     0 | D:1      | Reached XP level 1. HP: 9/9 MP: 2/2
    35 | D:1      | Found Dakhlugau's Antique Armour Emporium.
    44 | D:1      | Reached XP level 2. HP: 12/12 MP: 3/3
   226 | D:1      | Reached skill level 1 in Stealth
   677 | D:2      | Reached XP level 3. HP: 15/15 MP: 4/4
   905 | D:2      | Constricted to death by a ball python

Illustrated notes

Levels and vault maps discovered:
D:1:      dpeg_arrival_arbitrary_b, layout_loops_ring, serial_shops,
          nicolae_shop_overgrown_old_shop, hangedman_decor_peaks_small
D:2:      layout_rooms, basic_altar, minmay_divided_ellipse

Skill      XL: |  1  2 |
---------------+-------+-----
Dodging        | 3 |  3.6
Stealth        | 1 |  1.8
Fighting       | |  1.0
Unarmed Combat | |  3.5
Shapeshifting  | |  3.6

Action                     || total
---------------------------++-------
  Melee: Unarmed           ||    87
         Bite              ||     5
         Punch             ||     1
Ability: Begin Untransform ||     1
   Stab: Sleeping          ||     4
 Armour: Skin              ||     2
  Dodge: Dodged            ||    61
   Form: Beast             ||     1

Table legend: (Time is in decaauts)
 A = Elapsed time spent in this place.
 B = Non-inter-level travel time spent in this place.
 C = Inter-level travel time spent in this place.
 D = Time resting spent in this place.
 E = Time spent auto-exploring this place.
 F = Levels seen in this place.
 G = Mean time per level.
                   A        B        C        D        E       F      G
               +--------+--------+--------+--------+--------+-----+--------+
         Total |    762 |    738 |     24 |     39 |    483 |   2 |  381.0 |
       Dungeon |    762 |    738 |     24 |     39 |    483 |   2 |  381.0 |
               +--------+--------+--------+--------+--------+-----+--------+

Top non-repeatable levels by time:
     D:1: 544 daAuts
     D:2: 218 daAuts
